 Dungeon Crawl Stone Soup version 0.28-a0-1435-g82390b3a13 (webtiles) character file.

Game seed: 92538612699698949

2034 Hasart the Skirmisher (level 9, -6/81 (94) HPs)
             Began as an Ogre Fighter on Jan 9, 2022.
             Was a Follower of Dithmenos.
             Mangled by a two-headed ogre (16 damage)
             ... on level 8 of the Dungeon.
             The game lasted 00:14:45 (8712 turns).

Hasart the Skirmisher (Ogre Fighter)                Turns: 8712, Time: 00:14:45

HP:   -6/81 (94)    AC:  3    Str: 26    XL:     9   Next: 24%
MP:   9/9           EV:  9    Int: 15    God:    Dithmenos [*.....]
Gold: 508           SH:  8    Dex:  8    Spells: 8/8 levels left

rFire   . . .      SeeInvis .   a - +1 war axe
rCold   . . .      Faith    .   c - +0 kite shield
rNeg    . . .      Spirit   .   b - +0 robe
rPois   .          Reflect  .   (helmet restricted)
rElec   .          Harm     .   (no cloak)
rCorr   .          Rampage  .   (gloves unavailable)
Will    .....                   (boots unavailable)
Stlth   +.........              o - amulet of regeneration
HPRegen 1.03/turn               q - +6 ring of intelligence
MPRegen 0.11/turn               (no ring)

@: hasted, wreathed by umbra, heavily drained, very quick
A: large, unfitting armour, tough skin 1
a: Renounce Religion


You were on level 8 of the Dungeon.
You worshipped Dithmenos.
Dithmenos was aware of your devotion.
You visited 3 branches of the dungeon, and saw 10 of its levels.

You collected 508 gold pieces.

Inventory:

Hand Weapons
 a - a +1 war axe (weapon)
 A - a +2 hand axe of freezing
Missiles
 p - 11 boomerangs (quivered)
Armour
 b - a +0 robe (worn)
 c - a +0 kite shield (worn)
Jewellery
 o - an amulet of regeneration (around neck)
 q - a +6 ring of intelligence (left hand)
 x - an amulet of guardian spirit
Wands
 u - a wand of polymorph (13)
 w - a wand of iceblast (13)
 y - a wand of flame (24)
Scrolls
 f - 6 scrolls of identify
 i - a scroll of summoning
 k - 2 scrolls of amnesia
 l - 6 scrolls of teleportation
 r - a scroll of holy word
Potions
 d - a potion of invisibility
 e - 2 potions of haste
 g - a potion of curing
 h - a potion of brilliance
 j - a potion of heal wounds {unknown}
 m - a potion of ambrosia {unknown}
 n - 2 potions of resistance {unknown}
 v - a potion of attraction {unknown}
 z - a potion of mutation {unknown}


   Skills:
 + Level 7.7 Fighting
 * Level 7.5 Axes
 + Level 3.1 Throwing
 + Level 5.2 Dodging
 + Level 5.3 Shields


You had 8 spell levels left.
You didn't know any spells.
Your spell library contained the following spells:

 Spells                   Type           Power      Damage    Failure   Level
 Corpse Rot               Necr/Air       0%         N/A       65%         2
 Poisonous Vapours        Pois/Air       0%         N/A       65%         2
 Conjure Flame            Conj/Fire      0%         6-21      87%         3
 Ignite Poison            Fire/Tmut/Pois 0%         N/A       87%         3
 Sticky Flame             Conj/Fire      0%         2d3       99%         4
 Summon Lightning Spire   Summ/Air       0%         N/A       99%         4
 Storm Form               Tmut/Air       0%         N/A       100%        7
 Maxwell's Capacitive Co  Air            0%         ∞         100%        8


Dungeon Overview and Level Annotations

Branches:
Dungeon (8/15)             Temple (1/1) D:5            Lair (1/6) D:8

Altars:
Cheibriados
Dithmenos
Elyvilon
Fedhas
Gozag
Hepliaklqana
Kikubaaqudgha
Nemelex Xobeh
Qazlal
Ru
Sif Muna
Trog
Uskayaw
Vehumet
Wu Jian
Xom
Yredelemnul
The Shining One

Annotations:
D:5 1 runed translucent door, Crazy Yiuf


Innate Abilities, Weirdness & Mutations

You are too large for most types of armour.
You have tough skin. (AC +1)


Message History

A kobold brigand comes into view.
It is wielding a +0 dagger and quivering curare-tipped darts.
Unknown command.
Throw: 11 boomerangs
Press: ? - help, Q - select action, (/) - cycle Shift-Dir - straight line, f/p - two-headed ogre
Aim: a two-headed ogre, wielding a +0 great mace and a +0 giant club (74% to hit)
You throw a boomerang. The kobold brigand shouts!
The boomerang hits the two-headed ogre but does no damage.
You feel yourself speed up.
Unknown command.
You hit the two-headed ogre.
The two-headed ogre is lightly wounded.
The two-headed ogre hits you with a +0 great mace!
The two-headed ogre hits you with a +0 giant club!
You hit the two-headed ogre.
The two-headed ogre is lightly wounded.
You slash the two-headed ogre!
The two-headed ogre is moderately wounded.
The two-headed ogre hits you with a +0 great mace!
You block the two-headed ogre's attack.
You barely miss the two-headed ogre.
The two-headed ogre is moderately wounded.
You block the two-headed ogre's attack.
The two-headed ogre hits you with a +0 giant club!!
You hit the two-headed ogre but do no damage.
The two-headed ogre is moderately wounded.
You slash the two-headed ogre!
The two-headed ogre is heavily wounded.
You block the two-headed ogre's attack.
The two-headed ogre hits you with a +0 giant club!!
* * * LOW HITPOINT WARNING * * *
You hit the two-headed ogre.
The two-headed ogre is heavily wounded.
You block the two-headed ogre's attack. The two-headed ogre closely misses you.
You slash the two-headed ogre!
The two-headed ogre is severely wounded.
You barely miss the two-headed ogre.
The two-headed ogre is severely wounded.
The two-headed ogre hits you with a +0 great mace!
You die...

####....#
.####..####
#........#
.....###.###........
.### #..##........
#..##........
##.##........
#..#........
#..#........
##@#......K.
#O#..K...K.
#KK#.......
#..##...... ##.#
##.... ... #.. ...#
# #...# #####


You could see a two-headed ogre, a kobold brigand and a kobold.

Vanquished Creatures
  Sigmund (D:3)
  A water moccasin (D:5)
  2 orc warriors
  An ogre (D:7)
  A centaur (D:7)
  A phantom (D:6)
  A kobold brigand (D:6)
  A gnoll sergeant (D:8)
  4 scorpions
  A wyvern skeleton (D:7)
  4 wights
  A howler monkey (D:8)
  A hound (D:6)
  A jelly (D:6)
  A bullfrog skeleton (D:6)
  3 orc priests
  2 gnoll shamans (D:6)
  2 iguanas
  5 orc wizards
  A river rat (D:8)
  6 adders
  9 gnolls
  2 white imps
  2 ufetubi
  A dart slug (D:2)
  23 orcs
  2 ball pythons
  6 bats
  10 endoplasms
  3 giant cockroaches (D:1)
  6 goblins
  7 hobgoblins
  4 jackals
  10 kobolds
  5 quokkas
  3 frilled lizards
  7 rats
141 creatures vanquished.

Vanquished Creatures (collateral kills)
  2 gnolls (D:6)
2 creatures vanquished.

Vanquished Creatures (others)
  An orc wizard (D:7)
  6 fungi (D:7)
  8 plants (D:3)
  2 toadstools (D:7)
17 creatures vanquished.

Grand Total: 160 creatures vanquished

Notes
Turn   | Place    | Note
-------+----------+-------------------------------------------
     0 | D:1      | Hasart the Ogre Fighter began the quest for the Orb.
     0 | D:1      | Reached XP level 1. HP: 24/24 MP: 1/1
   353 | D:1      | Reached XP level 2. HP: 32/32 MP: 2/2
   738 | D:1      | Found a faded altar of an unknown god.
   744 | D:1      | Reached XP level 3. HP: 38/40 MP: 3/3
  1916 | D:3      | Reached XP level 4. HP: 35/49 MP: 4/4
  2393 | D:3      | Noticed Sigmund
  2404 | D:3      | Killed Sigmund
  2405 | D:3      | Reached skill level 5 in Fighting
  2405 | D:3      | Reached XP level 5. HP: 29/57 MP: 5/5
  2709 | D:3      | Reached XP level 6. HP: 66/66 MP: 6/6
  3471 | D:4      | HP: 3/66 [poisoned by a scorpion]
  4707 | D:5      | Entered Level 5 of the Dungeon
  4723 | D:5      | Noticed a water moccasin
  4737 | D:5      | Killed a water moccasin
  4738 | D:5      | Reached XP level 7. HP: 6/74 MP: 7/7
  4967 | D:5      | Reached skill level 5 in Axes
  5213 | D:5      | Found a staircase to the Ecumenical Temple.
  5218 | Temple   | Entered the Ecumenical Temple
  5252 | Temple   | Became a worshipper of Dithmenos the Shadowed
  5561 | D:5      | Found a runed translucent door.
  5562 | D:5      | Noticed Crazy Yiuf
  6044 | D:6      | Reached skill level 1 in Throwing
  6044 | D:6      | Reached XP level 8. HP: 30/84 MP: 8/8
  6297 | D:6      | Reached * piety under Dithmenos
  7128 | D:7      | Found an ornate altar of the Wu Jian Council.
  7515 | D:6      | Reached skill level 5 in Shields
  7880 | D:8      | Reached skill level 5 in Dodging
  8044 | D:7      | Reached XP level 9. HP: 53/83 MP: 9/9
  8386 | D:8      | Found a staircase to the Lair.
  8389 | D:8      | Noticed a death yak
  8389 | D:8      | Noticed a death yak
  8398 | D:8      | Noticed a death yak
  8489 | Lair:1   | Entered Level 1 of the Lair of Beasts
  8489 | Lair:1   | Noticed a five-headed hydra
  8489 | Lair:1   | Noticed a komodo dragon
  8697 | D:8      | Noticed a two-headed ogre
  8712 | D:8      | Mangled by a two-headed ogre

Illustrated notes

Levels and vault maps discovered:
D:1:      dpeg_arrival_castle, layout_loops_ring,
          hellmonk_ecumenical_altar_zigzags, roderic_serpentine_path,
          minmay_misc_feat_nine_boxes
D:2:      layout_loops_ring
D:3:      layout_loops_ring, serial_forest, infiniplex_forest_clump_small,
          infiniplex_forest_join, infiniplex_forest_zigzag_1,
          infiniplex_forest_end_2, infiniplex_forest_end_1,
          infiniplex_forest_lined_ring, uniq_sigmund
D:4:      layout_loops_ring, minmay_misc_feat_more_columns
D:5:      layout_loops_corners, temple_doors_cd, uniq_crazy_yiuf_cottage
D:6:      layout_basic, minmay_unpleasant_kobolds
D:7:      layout_basic, nzn_wu_jian_contemplation, minmay_gold_behind_fungi
D:8:      layout_cave_pods, dpeg_lair_monsters, serial_bayou_pond_e
Temple:   nicolae_temple_the_god_donut
Lair:1:   layout_small_grid, lemuel_fruit_fields, infiniplex_staircase_pool,
          uniq_sonja

Skill      XL: |  1  2  3  4  5  6  7  8  9 |
---------------+----------------------------+-----
Dodging        | 3 4 5 |  5.2
Shields        | 3 4 5 |  5.3
Axes           | 3 4 5 7 |  7.5
Fighting       | 5 6 7 |  7.7
Throwing       | 1 2 3 |  3.1

Action                   |  1- 3 |  4- 6 |  7- 9 || total
-------------------------+-------+-------+-------++-------
Melee: War axe           |   111 |   118 |   278 ||   507
       Hand axe          |       |       |    26 ||    26
Throw: Boomerang         |       |     1 |    17 ||    18
  Use: Scroll            |     4 |       |     7 ||    11
       Potion            |       |     6 |     3 ||     9
 Stab: Sleeping          |     1 |       |       ||     1
       Invisible         |       |     1 |       ||     1
       Distracted        |       |       |     2 ||     2
Armor: Robe              |    41 |    28 |    45 ||   114
       Skin              |       |     1 |       ||     1
Dodge: Dodged            |    45 |    38 |   113 ||   196
Block: Kite shield       |    57 |    29 |   113 ||   199

Table legend: (Time is in decaauts)
 A = Elapsed time spent in this place.
 B = Non-inter-level travel time spent in this place.
 C = Inter-level travel time spent in this place.
 D = Time resting spent in this place.
 E = Time spent auto-exploring this place.
 F = Levels seen in this place.
 G = Mean time per level.
                   A        B        C        D        E       F      G
               +--------+--------+--------+--------+--------+-----+--------+
         Total |   8936 |   8588 |    348 |   1063 |   5838 |  10 |  893.6 |
       Dungeon |   8873 |   8552 |    321 |   1063 |   5826 |   8 | 1109.1 |
        Temple |     61 |     34 |     27 |      0 |     12 |   1 |   61.0 |
          Lair |      1 |      1 |      0 |      0 |      0 |   1 |    1.0 |
               +--------+--------+--------+--------+--------+-----+--------+

Top non-repeatable levels by time:
     D:3: 1554 daAuts
     D:7: 1344 daAuts
     D:4: 1310 daAuts
     D:1: 1215 daAuts
     D:5: 1063 daAuts
     D:6: 1010 daAuts
     D:2: 733 daAuts
     D:8: 640 daAuts
  Temple: 61 daAuts
  Lair:1: 1 daAuts
